 Dungeon Crawl Stone Soup version 0.32-a0-612-g1c984fe9d1 (webtiles) character file.

Game seed: 2225241387024027135

2975 senseless the Trooper (level 9, -5/72 HPs)
             Began as a Coglin Berserker on Mar 4, 2024.
             Was a Priest of Trog.
             Incinerated by a deep elf pyromancer (7 damage)
             ... with a pyre arrow
             ... on level 8 of the Dungeon.
             The game lasted 00:18:11 (6434 turns).

senseless the Trooper (Coglin Berserker)            Turns: 6434, Time: 00:18:11

Health: -5/72      AC: 21    Str: 22    XL:     9   Next: 82%
Magic:  9/9        EV:  8    Int:  7    God:    Trog [***...]
Gold:   231        SH:  0    Dex: 13    Spells: 8/8 levels left

rFire   . . .        p - +3 spear (heavy) {Matia}
rCold   . . .        j - +0 trident {Ishpreet}
rNeg    . . .        l - +0 plate armour
rPois   +            y - +0 helmet
rElec   .            d - +2 cloak
rCorr   .            e - +1 pair of gloves
SInv    .            o - +0 pair of boots
Will    ++...        (amulet unavailable) Stlth
                     (ring unavailable)
HPRegen 1.32/turn    (ring unavailable)
MPRegen 0.11/turn    (no gizmo)

%: no passive effects
@: on fire, strong-willed, regenerating, glowing, revving
A: off-hand wielding, slow wielding, warmup strikes, no jewellery, poison
resistance, shaggy fur 1, inability to read after injury 1, noise suppression
a: Invent Gizmo, Renounce Religion, Berserk, Trog's Hand


You were on level 8 of the Dungeon.
You worshipped Trog.
Trog was most pleased with you.
You visited 1 branch of the dungeon, and saw 8 of its levels.

You collected 588 gold pieces.
You spent 357 gold pieces at shops.

Inventory:

Hand Weapons
 j - a +0 trident (offhand) {Ishpreet}
 p - a +3 heavy spear (weapon) {Matia}
Missiles
 b - 5 curare-tipped darts
 k - 27 poisoned darts
Armour
 a - a scarf of shadows
 d - a +2 cloak (worn)
 e - a +1 pair of gloves (worn)
 l - a +0 plate armour (worn)
 o - a +0 pair of boots (worn)
 u - a scarf of resistance
 y - a +0 helmet (worn)
Wands
 c - a wand of light (8)
 t - a wand of flame (29)
 x - a wand of roots (7)
Scrolls
 m - 3 scrolls of teleportation
 n - 2 scrolls of identify
 s - a scroll of poison
 v - 3 scrolls of vulnerability
 w - 2 scrolls of revelation
Potions
 f - a potion of haste
 g - a potion of resistance
 h - 2 potions of lignification


   Skills:
 + Level 7.3 Fighting
 - Level 4.8(5.9) Axes
 + Level 4.7(5.5) Polearms
 + Level 6.3 Armour
 + Level 6.3 Dodging


You had 8 spell levels left.
You didn't know any spells.
Your spell library contained the following spells:

 Spells                   Type           Power      Damage    Failure   Level
 Sandblast                Erth           0%         2d4       100%        1
 Static Discharge         Conj/Air       0%         3-3/arc   100%        2
 Dazzling Flash           Conj/Hex       0%         N/A       100%        3
 Mephitic Cloud           Conj/Alch/Air  0%         N/A       100%        3
 Passwall                 Erth           0%         N/A       100%        3
 Stone Arrow              Conj/Erth      0%         3d7       100%        3
 Airstrike                Air            0%         2d(0-16)  100%        4
 Brom's Barrelling Bould  Conj/Erth      0%         2d3       100%        4
 Summon Lightning Spire   Summ/Air       0%         N/A       100%        4
 Curse of Agony           Necr           0%         N/A       100%        5
 Silence                  Hex/Air        0%         N/A       100%        5


Dungeon Overview and Level Annotations

Branches:
Dungeon (8/15)             Temple (0/1) D:4
   Lair: D:8-11

Altars:
Cheibriados
Dithmenos
Vehumet
Yredelemnul

Shops:
D:3 [   D:4 ?   D:6 [


Innate Abilities, Weirdness & Mutations

You can wield a second weapon in your off-hand.
It takes a long time for you to wield or remove held weapons.
Your first few attacks do less damage.
You cannot equip rings or amulets.
Your system is resistant to poisons. (rPois)
You are covered in fur. (AC +1)
You occasionally lose the ability to read scrolls when taking damage.
You passively dampen the noise of your surroundings.


Message History

The pyre arrow hits you.
You are even more covered in intense liquid fire!
You barely miss the deep elf pyromancer with your +0 trident.
You barely miss the deep elf pyromancer with your +3 heavy spear.
The liquid fire burns you!
The deep elf pyromancer casts a spell.
The deep elf pyromancer blinks!
The blink frog barely misses you.
You puncture the blink frog with your +3 heavy spear!
The blink frog is moderately wounded.
You miss the blink frog with your +0 trident.
The liquid fire burns you! The blink frog barely misses you.
The deep elf pyromancer gestures wildly while chanting.
The deep elf pyromancer blinks!
You are too injured to fight recklessly!
You puncture the blink frog with your +3 heavy spear!
The blink frog is severely wounded.
You miss the blink frog with your +0 trident.
The liquid fire burns you!
The blink frog hits you but does no damage.
The blink frog barely misses you.
You shake off some of the fire as you move.
The liquid fire burns you!
* * * LOW HITPOINT WARNING * * *
You shake off some of the fire as you move.
The liquid fire burns you!
* * * LOW HITPOINT WARNING * * *
The blink frog blinks!
You feel better. The liquid fire burns you!
* * * LOW HITPOINT WARNING * * *
You shake off some of the fire as you move.
The liquid fire burns you!
* * * LOW HITPOINT WARNING * * *
Okay, then.
Your skin crawls.
You feel strong-willed.
You can no longer call in reinforcements.
The liquid fire burns you!
You die...

######.#..........#
.....÷............# ..#
######.).........## ..##
####...........# ...#
###.÷...........## ....##
#...##..........#.##.##(#
...............###.#.#.#
..............(#.###.###.#
...............#@..e.....#
................#########.#
.........).............
.......................
.....)........#########
..............#
.............##
#.....#.....## ############


You could see a deep elf pyromancer.

Vanquished Creatures
  6 yaks (D:8)
  Sigmund (D:3)
  A wyvern (D:7)
  A steam dragon (D:6)
  A water moccasin (D:7)
  2 sky beasts (D:7)
  An ogre (D:6)
  A phantom (D:5)
  A bullfrog (D:6)
  2 scorpions
  4 killer bees (D:7)
  2 jellies (D:7)
  2 howler monkeys (D:7)
  3 orc priests (D:6)
  7 hounds
  4 orc wizards
  15 adders
  6 gnolls
  2 ufetubi (D:6)
  5 dart slugs
  2 ribbon worms
  17 orcs
  7 ball pythons
  10 endoplasms
  4 giant cockroaches
  10 hobgoblins
  13 jackals
  6 quokkas
  5 bats
  3 frilled lizards
  6 goblins
  9 kobolds
  5 rats
164 creatures vanquished.

Notes
Turn   | Place    | Note
-------+----------+-------------------------------------------
     0 | D:1      | senseless the Coglin Berserker began the quest for the Orb.
     0 | D:1      | Reached XP level 1. HP: 18/18 MP: 1/1
   124 | D:1      | Reached XP level 2. HP: 23/24 MP: 2/2
   370 | D:1      | Found a faded altar of an unknown god.
   385 | D:1      | Reached XP level 3. HP: 26/29 MP: 3/3
   402 | D:1      | Reached ** piety under Trog
   997 | D:2      | Reached XP level 4. HP: 35/35 MP: 4/4
  1696 | D:2      | Reached XP level 5. HP: 42/42 MP: 5/5
  1997 | D:3      | Reached *** piety under Trog
  2156 | D:3      | Reached skill level 4 in Fighting
  2205 | D:3      | Reached XP level 6. HP: 27/48 MP: 6/6
  2410 | D:3      | Found Xabosmu's Armour Shop.
  2411 | D:3      | Gained mutation: You are dopey. (Int -2) [potion of
                  | mutation]
  2411 | D:3      | Gained mutation: Armour fits poorly on your strangely
                  | shaped body. [potion of mutation]
  2411 | D:3      | Gained mutation: You passively map a small area around you.
                  | [potion of mutation]
  2412 | D:3      | Lost mutation: You passively map a small area around you.
                  | [potion of mutation]
  2412 | D:3      | Lost mutation: You are dopey. (Int -2) [potion of mutation]
  2412 | D:3      | Lost mutation: Armour fits poorly on your strangely shaped
                  | body. [potion of mutation]
  2412 | D:3      | Gained mutation: You are vulnerable to cold. (rC-) [potion
                  | of mutation]
  2412 | D:3      | Gained mutation: You are agile. (Dex +4, Str/Int -1)
                  | [potion of mutation]
  2419 | D:3      | Bought a +0 pair of gloves for 63 gold pieces
  2442 | D:3      | Lost mutation: You are vulnerable to cold. (rC-) [potion of
                  | mutation]
  2442 | D:3      | Lost mutation: You are agile. (Dex +4, Str/Int -1) [potion
                  | of mutation]
  2442 | D:3      | Gained mutation: Your system is resistant to poisons.
                  | (rPois) [potion of mutation]
  2442 | D:3      | Gained mutation: You passively dampen the noise of your
                  | surroundings. [potion of mutation]
  2442 | D:3      | Gained mutation: You occasionally lose the ability to read
                  | scrolls when taking damage. [potion of mutation]
  2442 | D:3      | Gained mutation: You are covered in fur. (AC +1) [potion of
                  | mutation]
  2670 | D:3      | Noticed Sigmund
  2678 | D:3      | Killed Sigmund
  2821 | D:4      | Found a shadowy altar of Dithmenos.
  2929 | D:4      | Reached XP level 7. HP: 55/55 MP: 7/7
  3089 | D:4      | Found Nedomp's Magic Scroll Boutique.
  3098 | D:4      | Bought a scroll of enchant armour for 105 gold pieces
  3098 | D:4      | Bought a scroll of poison for 56 gold pieces
  3098 | D:4      | Bought a scroll of identify for 28 gold pieces
  3163 | D:4      | Found a staircase to the Ecumenical Temple.
  3534 | D:4      | Bought a scroll of noise for 14 gold pieces
  3534 | D:4      | Bought a scroll of identify for 28 gold pieces
  3562 | D:5      | Entered Level 5 of the Dungeon
  3775 | D:5      | Reached **** piety under Trog
  3807 | D:5      | Found a snail-covered altar of Cheibriados.
  3844 | D:5      | Reached skill level 5 in Fighting
  3844 | D:5      | Reached skill level 1 in Polearms
  4194 | D:6      | Found Rike Ysy's Armour Shoppe.
  4324 | D:6      | Reached XP level 8. HP: 48/62 MP: 8/8
  4419 | D:6      | Bought a +0 helmet for 63 gold pieces
  4842 | D:6      | Found a radiant altar of Vehumet.
  4842 | D:6      | Found a basalt altar of Yredelemnul.
  5295 | D:7      | Reached skill level 5 in Armour
  5295 | D:7      | Reached skill level 5 in Dodging
  5313 | D:7      | Reached skill level 6 in Fighting
  5331 | D:7      | Noticed a wyvern
  5336 | D:7      | Killed a wyvern
  5440 | D:7      | Reached XP level 9. HP: 69/69 MP: 9/9
  6170 | D:8      | Reached skill level 7 in Fighting
  6419 | D:8      | Noticed a deep elf pyromancer
  6433 | D:8      | HP: 2/72 [burnt (5)]
  6434 | D:8      | Incinerated by a deep elf pyromancer

Illustrated notes

Levels and vault maps discovered:
D:1:      mrwooster_arrival_statue_2, layout_basic,
          dreamdust_ecumenical_altar_statues
D:2:      layout_basic, minmay_hexomino_r4
D:3:      layout_rooms, serial_shops, shop, feat_on_display, uniq_sigmund
D:4:      layout_loops_ring, nicolae_dithmenos_through_a_glass_darkly,
          minmay_temple_entry_slanted, serial_shops, shop,
          minmay_misc_feat_four_crosses, kennysheep_dice
D:5:      layout_rooms, mainiacjoe_overflow_alcove_4,
          chequers_serial_rivers_micro_b
D:6:      nicolae_cairo_tiling_large, layout_basic, grunt_temple_overflow_open,
          serial_shops, shop
D:7:      layout_gridville
D:8:      minmay_the_grid_triangle_9x9_rhombus_thin
          [minmay_the_grid_triangle_9x9_intruding_spiral,
          minmay_the_grid_triangle_9x9_prize_top_heavy,
          minmay_the_grid_triangle_9x9_warning,
          minmay_the_grid_triangle_9x9_thin_v], layout_rooms, tgw_kikubaaqudgha

Skill      XL: |  1  2  3  4  5  6  7  8  9 |
---------------+----------------------------+-----
Armour         | 2 3 4 5 6 |  6.3
Dodging        | 2 3 4 5 6 |  6.3
Axes           | 4 |  4.8
Fighting       | 4 5 6 7 |  7.3
Polearms       | 1 3 4 |  4.7

Action                     |  1- 3 |  4- 6 |  7- 9 || total
---------------------------+-------+-------+-------++-------
  Melee: Hand axe          |    96 |   109 |    26 ||   231
         Dagger            |    89 |    45 |       ||   134
         Spear             |       |    68 |   197 ||   265
         Trident           |       |       |   146 ||   146
  Throw: Dart              |       |     4 |       ||     4
 Invoke: Berserk           |       |     1 |     3 ||     4
         Trog's Hand       |       |       |     2 ||     2
    Use: Potion            |       |     4 |     2 ||     6
         Scroll            |       |     8 |     8 ||    16
 Armour: Animal skin       |    16 |       |       ||    16
         Leather armour    |    41 |       |       ||    41
         Ring mail         |     4 |    80 |       ||    84
         Plate armour      |       |     5 |   230 ||   235
  Dodge: Dodged            |    79 |    70 |    95 ||   244

Table legend: (Time is in decaauts)
 A = Elapsed time spent in this place.
 B = Non-inter-level travel time spent in this place.
 C = Inter-level travel time spent in this place.
 D = Time resting spent in this place.
 E = Time spent auto-exploring this place.
 F = Levels seen in this place.
 G = Mean time per level.
                   A        B        C        D        E       F      G
               +--------+--------+--------+--------+--------+-----+--------+
         Total |   6561 |   6000 |    561 |    553 |   4286 |   8 |  820.1 |
       Dungeon |   6561 |   6000 |    561 |    553 |   4286 |   8 |  820.1 |
               +--------+--------+--------+--------+--------+-----+--------+

Top non-repeatable levels by time:
     D:6: 1056 daAuts
     D:1: 1044 daAuts
     D:2: 999 daAuts
     D:4: 920 daAuts
     D:7: 897 daAuts
     D:3: 779 daAuts
     D:5: 513 daAuts
     D:8: 350 daAuts
